 Dungeon Crawl Stone Soup version 0.30-a0-728-gc68057be0a (webtiles) character file.

Game seed: 13749197028985930290

189 Sabo the Digger (level 5, -4/28 HPs)
             Began as a Gargoyle Earth Elementalist on Jan 31, 2023.
             Slain by Sigmund
             ... wielding a +0 scythe
              (6 damage)
             ... on level 4 of the Dungeon.
             The game lasted 00:22:54 (4361 turns).

Sabo the Digger (Gargoyle Earth Elementalist)       Turns: 4361, Time: 00:22:54

Health: -4/28      AC: 12    Str: 11    XL:     5   Next: 68%
Magic:  10/10      EV: 12    Int: 18    God:
Gold:   118        SH:  0    Dex: 10    Spells: 6/10 levels left

rFire   . . .      SeeInvis .    t - +3 quarterstaff (venom)
rCold   . . .      Faith    .    (shield currently unavailable)
rNeg    + . .      Spirit   .    a - +0 robe
rPois   ∞          Reflect  .    q - +1 helmet
rElec   +          Harm     .    u - +2 cloak
rCorr   +          Rampage  .    f - +0 pair of gloves
Will    .....                    (no boots)
Stlth   ++                       (no amulet)
HPRegen 0.24/turn                j - ring of resist corrosion
MPRegen 0.12/turn                (no ring)

@: no status effects
A: sickness immunity, AC +4, negative energy resistance 1, electricity
resistance, torment resistance 1, petrification resistance
a: no special abilities


You were on level 4 of the Dungeon.
You visited 1 branch of the dungeon, and saw 4 of its levels.

You collected 118 gold pieces.

Inventory:

Hand Weapons
 t - a +3 quarterstaff of venom (weapon)
Missiles
 k - 12 poisoned darts (quivered)
 m - 4 boomerangs
Armour
 a - a +0 robe (worn)
 f - a +0 pair of gloves (worn)
 q - a +1 helmet (worn)
 u - a +2 cloak (worn)
Magical Staves
 c - a staff of conjuration
Jewellery
 j - a ring of resist corrosion (left hand)
Scrolls
 e - a scroll of fog {unknown}
 g - 4 scrolls of teleportation
 i - a scroll of butterflies
 s - a scroll of blinking
Potions
 b - a potion of magic
 d - a potion of heal wounds
 h - a potion of brilliance {unknown}
 l - a potion of curing {unknown}
 n - a potion of degeneration {unknown}
 o - a potion of resistance {unknown}
 p - a potion of attraction {unknown}
 r - a potion of haste {unknown}
 v - a potion of berserk rage {unknown}


   Skills:
 * Level 1.0 Staves
 + Level 0.1 Throwing
 + Level 1.9 Dodging
 + Level 2.7 Stealth
 + Level 3.4 Spellcasting
 + Level 0.7 Transmutations
 + Level 5.6 Earth Magic


You had 6 spell levels left.
You knew the following spells:

 Your Spells              Type           Power      Damage    Failure   Level
a - Sandblast             Erth           46%        2d11      1%          1
b - Stone Arrow           Conj/Erth      26%        3d8       14%         3

Your spell library contained the following spells:

 Spells                   Type           Power      Damage    Failure   Level
 Passwall                 Tmut/Erth      11%        N/A       6%          2
 Petrify                  Tmut/Erth      14%        N/A       38%         4


Dungeon Overview and Level Annotations

Branches:
Dungeon (4/15)
 Temple: D:4-7

Altars:

Annotations:
D:4 Sigmund


Innate Abilities, Weirdness & Mutations

You are immune to sickness and miasma.
Your stone body is resilient. (AC +4)
You are immune to poison.
You resist negative energy. (rN+)
You are resistant to electric shocks. (rElec)
You are resistant to unholy torment.
You are immune to petrification.


Message History

A worm comes into view.
The adder bites you but does no damage.
You bump into the rock wall.
The adder barely misses you. Something hits you but does no damage.
The adder barely misses you. The adder bites you but does no damage.
You miss the adder. Something hits you but does no damage. The adder bites you.
The adder barely misses you.
You closely miss the adder.
You feel less confused. Something hits you but does no damage.
The adder bites you but does no damage.
You hit the adder.
The adder is poisoned.
The adder is lightly wounded.
The adder misses you. Something hits you!
The adder bites you but does no damage.
You closely miss the adder.
The adder is lightly wounded.
The adder barely misses you. Something hits you but does no damage.
The adder bites you but does no damage.
You miss the adder.
The adder is moderately wounded.
The adder bites you but does no damage. The worm barely misses you.
Something hits you but does no damage.
You sock the adder!
You kill the adder!
The worm closely misses you.
Your Staves skill increases to level 1!
Something barely misses you.
You barely miss the worm. Something hits you.
The worm bites you but does no damage.
You barely miss the worm. Something hits you! The worm bites you.
* * * LOW HITPOINT WARNING * * *
You hit the worm but do no damage.
The worm is poisoned.
Something hits you.
* * * LOW HITPOINT WARNING * * *
The worm bites you but does no damage.
You sock the worm!
The worm looks as sick as possible!
The worm is severely wounded.
You sock the worm!
You kill the worm!
Something hits you.
You die...

...^ ... ......^..
.....# #..^^.^^
#...!# #......
#....# #^...^ #...
.####...####.####.
.........@........
.............#######
.......${...........
.......#####.#######
....... #.# #######
#.# #<# #†# #.# #.#
#.# #.#


There were no monsters in sight!

Vanquished Creatures
  Crazy Yiuf (D:2)
  Robin (D:2)
  4 gnolls
  3 adders
  4 worms
  A dart slug (D:1)
  4 orcs (D:2)
  7 endoplasms
  2 giant cockroaches (D:3)
  12 goblins
  7 hobgoblins
  4 jackals
  2 quokkas (D:1)
  2 ball pythons (D:3)
  6 bats
  3 frilled lizards
  2 kobolds
  5 rats
70 creatures vanquished.

Notes
Turn   | Place    | Note
-------+----------+-------------------------------------------
     0 | D:1      | Sabo the Gargoyle Earth Elementalist began the quest for
                  | the Orb.
     0 | D:1      | Reached XP level 1. HP: 10/10 MP: 3/3
   445 | D:1      | Reached skill level 4 in Earth Magic
   506 | D:1      | Reached XP level 2. HP: 15/15 MP: 3/5
  1166 | D:2      | Reached XP level 3. HP: 19/19 MP: 1/6
  1594 | D:2      | Found a runed translucent door.
  1970 | D:2      | Noticed Robin
  2010 | D:2      | Killed Robin
  2011 | D:2      | Reached XP level 4. HP: 24/24 MP: 3/8
  2014 | D:2      | Reached skill level 5 in Earth Magic
  2608 | D:2      | Noticed Crazy Yiuf
  2617 | D:2      | Killed Crazy Yiuf
  2845 | D:3      | Learned a level 3 spell: Stone Arrow
  2982 | D:3      | Reached XP level 5. HP: 28/28 MP: 7/9
  4250 | D:4      | Noticed Sigmund
  4356 | D:4      | Reached skill level 1 in Staves
  4359 | D:4      | HP: 1/28 [something (4)]
  4361 | D:4      | Slain by Sigmund

Illustrated notes

Levels and vault maps discovered:
D:1:      wander_arrival_fairy_ring, layout_basic,
          amcnicky_mini_rare_corridor_liquid
D:2:      layout_basic, cheibrodos_gnoll_hut, uniq_crazy_yiuf_cottage,
          uniq_robin
D:3:      layout_basic
D:4:      layout_basic, serial_shops, shop, nicolae_wormholes, uniq_sigmund,
          uniq_ijyb

Skill      XL: |  1  2  3  4  5 |
---------------+----------------+-----
Earth Magic    | 4 5 |  5.6
Spellcasting   | 3 |  3.4
Staves         | 1 |  1.0
Throwing       | |  0.1
Dodging        | |  1.9
Stealth        | |  2.7
Transmutations | |  0.7

Action                     |  1- 3 |  4- 6 || total
---------------------------+-------+-------++-------
  Melee: Staff             |     6 |     3 ||     9
         Quarterstaff      |       |    32 ||    32
  Throw: Dart              |     5 |     2 ||     7
   Cast: Sandblast         |    41 |    35 ||    76
    Use: Scroll            |     3 |     5 ||     8
         Potion            |       |     1 ||     1
 Armour: Robe              |     7 |    24 ||    31
  Dodge: Dodged            |    13 |    30 ||    43

Table legend: (Time is in decaauts)
 A = Elapsed time spent in this place.
 B = Non-inter-level travel time spent in this place.
 C = Inter-level travel time spent in this place.
 D = Time resting spent in this place.
 E = Time spent auto-exploring this place.
 F = Levels seen in this place.
 G = Mean time per level.
                   A        B        C        D        E       F      G
               +--------+--------+--------+--------+--------+-----+--------+
         Total |   4407 |   4407 |      0 |   1393 |      0 |   4 | 1101.8 |
       Dungeon |   4407 |   4407 |      0 |   1393 |      0 |   4 | 1101.8 |
               +--------+--------+--------+--------+--------+-----+--------+

Top non-repeatable levels by time:
     D:2: 1797 daAuts
     D:3: 1507 daAuts
     D:1: 956 daAuts
     D:4: 145 daAuts
